 Dungeon Crawl Stone Soup version 0.32-a0-42-ga30500b4d3 (webtiles) character file.

Game seed: 12506357384066055738

1 kae the Changeling (level 1, -2/15 HPs)
             Began as a Demonspawn Shapeshifter on Feb 3, 2024.
             Slain by a quokka (4 damage)
             ... on level 1 of the Dungeon.
             The game lasted 00:00:08 (16 turns).

kae the Changeling (Demonspawn Shapeshifter)          Turns: 16, Time: 00:00:09

Health: -2/15      AC:  2    Str: 14    XL:     1   Next: 16%
Magic:  1/1        EV: 12    Int: 10    God:
Gold:   0          SH:  0    Dex: 12    Spells: 0/0 levels left

rFire   . .          .
                       - Unarmed
rCold   . . .        (no shield)
rNeg    . . .        a - +0 animal skin
rPois   .            (helmet currently unavailable)
rElec   .            (cloak currently unavailable)
rCorr   .            (gloves currently unavailable)
SInv    .            (boots currently unavailable)
Will    .....        (no amulet)
Stlth   +            (no ring)
HPRegen 0.22/turn    (no ring)
MPRegen 0.07/turn

%: no passive effects
@: beast-form
A: beast (slay +1)
a: Begin Untransformation


You were on level 1 of the Dungeon.
You were a hulking beast.
You visited 1 branch of the dungeon, and saw 1 of its levels.


   Skills:
 - Level 1.0 Fighting
 - Level 1.7 Dodging
 + Level 2.7 Unarmed Combat
 * Level 2.7 Shapeshifting


You couldn't memorise any spells.
You didn't know any spells.
Your spell library was empty.

Inventory:

Armour
 a - a +0 animal skin (worn)
Talismans
 c - a beast talisman
 d - a flux talisman
Potions
 b - a potion of lignification {!q}

Dungeon Overview and Level Annotations

Branches:
Dungeon (1/15) Zot: 5983

Altars:

Annotations:
D:1 1 transporter

... #. .. ... #... .
..##©. .# ##### ####
#.##...
#....#########.......
.........##©#.#..
.........###<#....#
......r..##.#.#...#
.......h.#.#.##...#
......†..#...# ..#
...........### ..#
............# .#
.........##.... .#
.........# ###...
.........# #.#
.........# .
........#


You could see a quokka.


Message History

Lua error: /dgldir/rcfiles/crawl-git/kae.rc:525: unexpected symbol near '#' 🤖 Initializing magus.rc ...
Bad monster_list_colour key: strict_neutral Bad channel name 'pray' for runrest: 'pray:' Options error: Missing colour in message_colour setting: 'that.*feels deathly cold' Options error: Missing colour in message_colour setting: 'and you must be Full or above to equip it' Options error: Missing colour in message_colour setting: 'but rights himself reflexively soon after' Options error: Missing colour in message_colour setting: 'before it is too late' ✅ Successfully initialized magus.rc [v1.11.3] Welcome, kae the Demonspawn Shapeshifter.
The Orb of Zot is coveted for many reasons.
Will you seize it for your own?
Press ? for a list of commands and other information.
Found a staircase leading out of the dungeon.
Key pressed, stopping explore.
Unknown command.
There is a staircase leading out of the dungeon here.
A quokka comes into view.
A quokka is nearby!
A ball python comes into view.
There are monsters nearby!
You barely miss the quokka. The quokka closely misses you.
There are monsters nearby!
There are monsters nearby!
You miss the quokka. The quokka bites you.
You closely miss the quokka. Your punch misses the quokka.
The quokka barely misses you. The quokka closely misses you.
There are monsters nearby! 😕 HP[-3]
You take 3 damage, and now have 12/15 hp.
Unknown command.
Unknown command.
Unknown command.
There are monsters nearby!
There are monsters nearby!
There are monsters nearby!
There are monsters nearby!
There are monsters nearby!
You closely miss the quokka. The quokka bites you.
You are too injured to fight recklessly! 😮 HP[-2]
You take 2 damage, and now have 10/15 hp.
Unknown command.
You hit the quokka but do no damage. The quokka bites you.
* * * LOW HITPOINT WARNING * * *
The ball python bites you.
* * * LOW HITPOINT WARNING * * *
The ball python closely misses you. 😨 HP[-5]
You take 5 damage, and now have 5/15 hp.
MASSIVE DAMAGE!! (PAUSE)
You closely miss the quokka. Your punch misses the quokka.
The quokka bites you.
* * * LOW HITPOINT WARNING * * *
The ball python misses you.
The ball python closely misses you. 😱 HP[-3]
You take 3 damage, and now have 2/15 hp.
Unknown command.
You punch the ball python!
You kill the ball python!
The quokka closely misses you.
Unknown command.
You hit the quokka. The quokka bites you.
You die...

Action                     || total
---------------------------++-------
  Melee: Unarmed           ||     8
 Armour: Animal skin       ||     6
  Dodge: Dodged            ||     7

Levels and vault maps discovered:
D:1:      spicycebolla_arrival_risky_transporter, layout_rooms,
          minmay_misc_feat_tiny

Notes
Turn   | Place    | Note
-------+----------+-------------------------------------------
     0 | D:1      | kae the Demonspawn Shapeshifter began the quest for the
                  | Orb.
     0 | D:1      | Reached XP level 1. HP: 15/15 MP: 1/1
     0 | D:1      | magus.rc [v1.11.3]
    14 | D:1      | HP: 2/15 [quokka (3)]
    16 | D:1      | Slain by a quokka

Vanquished Creatures
  A ball python (D:1)
1 creature vanquished.

Table legend:
 A = Non-vault XP
 B = Vault XP
 C = Vault XP percentage of total XP
 D = Non-vault monster count
 E = Vault monster count
 F = Vault count percentage of total count
                 A         B        C        D         E       F
            +---------+---------+-------+---------+---------+-------
      Total |       2 |       0 |   0.0 |       1 |       0 |   0.0
            +---------+---------+-------+---------+---------+-------
        D:1 |       2 |       0 |   0.0 |       1 |       0 |   0.0
            +---------+---------+-------+---------+---------+-------

Action                     || total
---------------------------++-------
  Melee: Unarmed           ||     8
 Armour: Animal skin       ||     6
  Dodge: Dodged            ||     7

Illustrated notes

Table legend:
 A = Kills in this place as a percentage of kills in the entire game.
 B = Kills by you in this place as a percentage of kills by you in the entire game.
 C = Kills by friends in this place as a percentage of kills by friends in the entire game.
 D = Other kills in this place as a percentage of other kills in the entire game.
 E = Experience gained in this place as a percentage of experience gained in the entire game.
 F = Experience gained in this place divided by the number of levels of this place that you have seen.
                   A       B       C       D       E      F
               +-------+-------+-------+-------+-------+----------------------
         Total | 100.0 | 100.0 |   N/A |   N/A | 100.0 |   2.0
       Dungeon | 100.0 | 100.0 |   N/A |   N/A | 100.0 |   2.0
               +-------+-------+-------+-------+-------+----------------------

Table legend: (Time is in decaauts)
 A = Elapsed time spent in this place.
 B = Non-inter-level travel time spent in this place.
 C = Inter-level travel time spent in this place.
 D = Time resting spent in this place.
 E = Time spent auto-exploring this place.
 F = Levels seen in this place.
 G = Mean time per level.
                   A        B        C        D        E       F      G
               +--------+--------+--------+--------+--------+-----+--------+
         Total |     15 |     15 |      0 |      0 |      5 |   1 |   15.0 |
       Dungeon |     15 |     15 |      0 |      0 |      5 |   1 |   15.0 |
               +--------+--------+--------+--------+--------+-----+--------+

Top non-repeatable levels by time:
     D:1: 15 daAuts
